 Dungeon Crawl Stone Soup version 0.17.1-1-g73c8601 (console) character file.

53 Kloppie the Slasher (level 3, -1/20 HPs)
             Began as a Vine Stalker Berserker on Dec 19, 2015.
             Was a Believer of Trog.
             Slain by a gnoll
             ... wielding a +0 whip
              (7 damage)
             ... on level 3 of the Dungeon.
             The game lasted 00:02:08 (1168 turns).

Kloppie the Slasher (Vine Stalker Berserker)        Turns: 1168, Time: 00:02:08

Health: -1/20      AC:  2    Str: 19    XL:     3   Next: 89%
Magic:  0/4        EV: 12    Int:  7    God:    Trog [**....]
Gold:   72         SH:  0    Dex: 14    Spells: 0 memorised, 2 levels left

rFire  . . .     SeeInvis .     a - +0 falchion
rCold  . . .     Clarity  .     b - +0 animal skin
rNeg   . . .     SustAt   .     (no shield)
rPois  .         Gourm    .     (no helmet)
rElec  .         Spirit   +     (no cloak)
rCorr  .         Warding  .     (no gloves)
rMut   .         Stasis   .     (no boots)
MR     .....                    (no amulet)
Stlth  +.........               (no ring)
                                (no ring)

@: not resistant to hostile enchantments, very unstealthy
A: fangs 2, regeneration 1, magic shield, antimagic bite, no device heal 3, rot
immunity
a: Berserk, Trog's Hand, Burn Spellbooks, Renounce Religion


You were on level 3 of the Dungeon.
You worshipped Trog.
Trog was pleased with you.
You were not hungry.

You visited 1 branch of the dungeon, and saw 3 of its levels.

You collected 72 gold pieces.

Inventory:

Hand Weapons
 a - a +0 falchion (weapon)
Armour
 b - a +0 animal skin (worn)
Scrolls
 d - 3 scrolls of teleportation {unknown}
 i - 2 scrolls of random uselessness {unknown}
 j - 4 scrolls of identify {unknown}
 m - a scroll of noise {unknown}
 o - a scroll of immolation {unknown}
 q - a scroll of magic mapping {unknown}
Potions
 e - a potion of heal wounds {unknown}
 f - 2 potions of brilliance {unknown}
 g - a potion of curing {unknown}
 k - a potion of agility
 p - a potion of might {unknown}
Comestibles
 c - 2 bread rations
 h - 7 fruits
 n - a meat ration


   Skills:
 + Level 3.4 Fighting
 + Level 3.6 Long Blades
 - Level 1.5 Armour
 - Level 1.5 Dodging


You had 2 spell levels left.
You didn't know any spells.

Dungeon Overview and Level Annotations

Branches:
Dungeon (3/15)

Altars:
Dithmenos
Fedhas
Sif Muna
Trog
Xom

Annotations:
D:2 Sigmund


Innate Abilities, Weirdness & Mutations

You have extremely sharp teeth.
Your natural rate of healing is unusually fast.
When hurt, damage is shared between your health and your magic reserves.
Your bite disrupts and absorbs the magic of your enemies.
Potions and wands cannot restore your health.
You are immune to rotting.


Message History

The gnoll barely misses you.
You hit the gnoll but do no damage.
The gnoll is moderately wounded.
The gnoll closely misses you.
You hit the gnoll but do no damage. You bite the gnoll. You drain its power.
The gnoll is moderately wounded.
The gnoll barely misses you.
You barely miss the gnoll. Your bite misses the gnoll.
The gnoll is moderately wounded.
The gnoll closely misses you. x2
You hit the gnoll but do no damage.
The gnoll is moderately wounded.
The gnoll hits you with a whip. The gnoll closely misses you.
You hit the gnoll.
The gnoll is heavily wounded.
The gnoll hits you with a whip!
The gnoll hits you from afar with a spear!
* * * LOW HITPOINT WARNING * * *
The gnoll hits you with a whip!
You die...

#. ###. #> #.. #.
######.# #.##
....#.#### ..#
##.......# #.# .
##.....##.# #.#
#...#.....<.#.###<#
#.....).[..ggg@.#
#..##.......#.#####
##.....##.#
##>......#
#..#.(... #..######
....# ...##


You could see 3 gnolls.

Vanquished Creatures
  2 adders (D:2)
  A worm (D:2)
  A giant gecko (D:2)
  3 bats
  3 giant cockroaches (D:1)
  4 goblins (D:1)
  3 hobgoblins (D:1)
  2 ball pythons (D:1)
  4 giant newts
  2 jackals (D:1)
  4 kobolds
  4 rats
33 creatures vanquished.

Notes
Turn   | Place    | Note
--------------------------------------------------------------
     0 | D:1      | Kloppie the Vine Stalker Berserker began the quest for the Orb.
     0 | D:1      | Reached XP level 1. HP: 11/11 MP: 2/2
   107 | D:1      | Reached skill level 3 in Long Blades
   107 | D:1      | Reached XP level 2. HP: 10/16 MP: 1/3
   400 | D:1      | Reached ** piety under Trog
   640 | D:2      | Reached XP level 3. HP: 20/20 MP: 4/4
   908 | D:2      | Found a shimmering altar of Xom.
   909 | D:2      | Found a deep blue altar of Sif Muna.
   909 | D:2      | Found a shadowy altar of Dithmenos.
   910 | D:2      | Found a blossoming altar of Fedhas.
   910 | D:2      | Found a bloodstained altar of Trog.
  1122 | D:2      | Noticed Sigmund
  1168 | D:3      | Slain by a gnoll

Action                   || total
-------------------------++-------
Melee: Falchion          ||   105
  Eat: Chunk             ||     1
